 Dungeon Crawl Stone Soup version 0.21.1-1-g345015fe64 (webtiles) character file.

10012 Kohma the Covert (level 11, -3/87 HPs)
             Began as a Vine Stalker Assassin on July 8, 2018.
             Was a Believer of Uskayaw.
             Slain by a wraith (8 damage)
             ... led by Josephine
             ... on level 11 of the Dungeon.
             The game lasted 00:49:30 (9645 turns).

Kohma the Covert (Vine Stalker Assassin)            Turns: 9645, Time: 00:49:30

Health: -3/87      AC: 25    Str: 18    XL:     11   Next: 55%
Magic:  0/15       EV:  2    Int: 13    God:    Uskayaw [**....]
Gold:   326        SH:  0    Dex: 16    Spells: 3/11 levels left

rFire    . . .     SeeInvis .   a - +8 dagger (elec)
rCold    . . .     Gourm    .   (no shield)
rNeg     + + +     Faith    .   (armour currently unavailable)
rPois    +         Spirit   +   (helmet currently unavailable)
rElec    .         Reflect  .   (cloak currently unavailable)
rCorr    .         Harm     .   (gloves currently unavailable)
MR       +....     NoTele   +   (boots currently unavailable)
Stlth    +++++.....             (no amulet)
HPRegen  0.64/turn              k - +3 ring of strength
MPRegen  0.14/turn              r - ring of stealth

@: tree-form, slowed, very slow
A: regeneration 1, magic shield, no potion heal 3, rot immunity
a: Stomp, Line Pass, Renounce Religion


You were on level 11 of the Dungeon.
You worshipped Uskayaw.
Uskayaw was noncommittal.
You were not hungry.
You were a tree.
You visited 2 branches of the dungeon, and saw 12 of its levels.

You collected 496 gold pieces.
You spent 170 gold pieces at shops.

Inventory:

Hand Weapons
 a - a +8 dagger of electrocution (weapon)
 b - a +0 blowgun
 c - a +0 dagger of flaming
Missiles
 f - 2 curare-tipped needles {!f}
 n - 2 javelins (quivered)
 F - 2 needles of confusion {!f}
 H - 60 poisoned needles
Armour
 d - a +0 cloak (melded)
 e - a +2 troll leather armour (melded)
 p - a +1 helmet (melded)
 w - a +0 ring mail of fire resistance
 y - a +0 pair of gloves (melded)
 K - a +1 leather armour of fire resistance
Jewellery
 k - a +3 ring of strength (left branch)
 r - a ring of stealth (right branch)
 J - an uncursed ring of ice
Wands
 t - a wand of flame (41)
 x - a wand of enslavement (14)
 I - a wand of random effects (24)
 L - a wand of iceblast (4)
Scrolls
 i - 2 scrolls of magic mapping
 q - 2 scrolls of amnesia
 B - a scroll of remove curse
 G - 3 scrolls of identify
Potions
 h - 2 potions of resistance {unknown}
 j - a potion of lignification
 l - 3 potions of haste {unknown}
 m - 6 potions of curing
 s - 3 potions of berserk rage
 u - 4 potions of agility
 v - 3 potions of might
 z - a potion of degeneration {unknown}
 A - a potion of brilliance {unknown}
 C - 2 potions of mutation {unknown}
Books
 E - a book of Maledictions

   Spells                             Type                      Level
   a - Corona                         Hexes                        1
   b - Ensorcelled Hibernation        Hexes/Ice                    2
   c - Confuse                        Hexes                        3
   d - Tukima's Dance                 Hexes                        3
   e - Dazzling Spray                 Conjuration/Hexes            3
 M - a book of Debilitation

   Spells                             Type                      Level
   a - Corona                         Hexes                        1
   b - Slow                           Hexes                        2
   c - Inner Flame                    Hexes/Fire                   3
   d - Portal Projectile              Hexes/Translocation          3
   e - Cause Fear                     Hexes                        4
   f - Leda's Liquefaction            Hexes/Earth                  4
Miscellaneous
 o - a sack of spiders
Comestibles
 g - 19 rations
 D - 2 chunks of flesh


   Skills:
 + Level 6.6 Fighting
 * Level 9.3 Short Blades
 + Level 6.6 Throwing
 - Level 0.7 Dodging
 - Level 10.0 Stealth
 + Level 0.8 Spellcasting
 - Level 6.0 Hexes
 + Level 0.8 Translocations
 - Level 4.0 Ice Magic
 * Level 4.3 Invocations


You had 3 spell levels left.
You knew the following spells:

 Your Spells              Type           Power        Failure   Level  Hunger
a - Ensorcelled Hibernat  Hex/Ice        ##....       5%          2    ###....
b - Confuse               Hex            ###.....     7%          3    ####...
c - Portal Projectile     Hex/Tloc       #.....       22%         3    ####...


Dungeon Overview and Level Annotations

Branches:
Dungeon (11/15)            Temple (1/1) D:4            Lair (0/6) D:10
    Orc: D:9-12

Altars:
Ashenzari
Cheibriados
Dithmenos
Elyvilon
Fedhas
Gozag
Hepliaklqana
Kikubaaqudgha
Makhleb
Nemelex Xobeh
Okawaru
Qazlal
Ru
Sif Muna
Trog
Uskayaw
Vehumet
Wu Jian
Xom
Yredelemnul
Zin
The Shining One

Shops:
D:4 [


Innate Abilities, Weirdness & Mutations

((You have razor-sharp teeth.))
Your natural rate of healing is unusually fast.
When hurt, damage is shared between your health and your magic reserves.
((Your bite disrupts and absorbs the magic of your enemies.))
Potions cannot restore your health.
You are immune to rotting.


Message History

The wraith drains your vigour!
You feel as though you will be slow longer.
The wraith hits you!
* * * LOW HITPOINT WARNING * * *
The wraith hits you.
* * * LOW HITPOINT WARNING * * *
Okay, then.
You turn into a tree.
Your +0 cloak melds into your body.
Your +1 helmet melds into your body.
Your +0 pair of gloves melds into your body.
Your +2 troll leather armour melds into your body.
Your roots penetrate the ground.
The wraith hits you.
* * * LOW HITPOINT WARNING * * *
The wraith drains your vigour!
You feel as though you will be slow longer.
The wraith barely misses you.
You hit the wraith.
The wraith is moderately damaged.
The wraith hits you!
You die...

######### (
##.......#### ..
#...........### .(.
#.............## ...(
#..............#
.....####.............##
#...#♣.............#
#.WW............<#
######.........###
###.....### #######


You could see 2 wraiths.

Vanquished Creatures
  Josephine (D:11)
  Fannar (D:10)
  3 two-headed ogres
  An unseen horror (D:10)
  The ghost of lis82 the Thaumaturge, a novice DEWz (D:8)
  The ghost of spacerossing the Cleaver, a novice FoFi (D:6)
  2 trolls (D:9)
  A hippogriff (D:4)
  A wyvern (D:10)
  A wraith (D:11)
  3 yaks (D:9)
  A hungry ghost (D:7)
  A water moccasin (D:6)
  The ghost of fellowfoe the Sneak, an amateur SpAs (D:5)
  4 orc warriors
  A black bear (D:10)
  2 sky beasts (D:5)
  A hornet zombie (D:9)
  An ice beast (D:5)
  A phantom (D:10)
  3 ogres
  A centaur (D:10)
  4 bullfrogs
  A wyvern skeleton (D:9)
  6 killer bees (D:9)
  A howler monkey (D:4)
  3 bullfrog zombies
  3 crimson imps
  6 hounds
  6 jellies
  8 orc priests
  A bullfrog skeleton (D:5)
  A centaur skeleton (D:6)
  A gnoll shaman (D:7)
  11 orc wizards
  3 iguanas
  6 worker ants
  A hound zombie (D:8)
  A hound skeleton (D:9)
  A worker ant zombie (D:10)
  Robin (D:3)
  9 gnolls
  8 adders
  2 oozes
  3 adder zombies
  An adder skeleton (D:6)
  5 leopard geckos
  47 orcs
  A ball python (D:6)
  5 bats
  6 giant cockroaches
  19 goblins
  9 hobgoblins
  8 jackals
  3 quokkas
  A frilled lizard (D:2)
  7 kobolds
  2 quokka skeletons
  3 rats
237 creatures vanquished.

Notes
Turn   | Place    | Note
-------+----------+-------------------------------------------
     0 | D:1      | Kohma the Vine Stalker Assassin began the quest for the Orb.
     0 | D:1      | Reached XP level 1. HP: 11/11 MP: 2/2
    93 | D:1      | Reached XP level 2. HP: 13/15 MP: 3/3
   138 | D:1      | Reached skill level 5 in Stealth
  1023 | D:2      | Reached XP level 3. HP: 18/18 MP: 4/4
  1514 | D:3      | Gained mutation: Your natural rate of healing is unusually fast. [Vine Stalker growth]
  1514 | D:3      | Reached XP level 4. HP: 19/23 MP: 3/5
  1909 | D:3      | Noticed Robin
  1936 | D:3      | Killed Robin
  2050 | D:3      | Learned a level 2 spell: Ensorcelled Hibernation
  2072 | D:3      | Reached XP level 5. HP: 14/27 MP: 4/6
  2295 | D:3      | Found a bloodstained altar of Trog.
  2478 | D:3      | Reached skill level 1 in Ice Magic
  2664 | D:3      | Reached XP level 6. HP: 31/32 MP: 7/7
  2723 | D:3      | Reached skill level 1 in Hexes
  3139 | D:3      | Found a shadowy altar of Dithmenos.
  3139 | D:3      | Found a radiant altar of Vehumet.
  3140 | D:3      | Found a basalt altar of Yredelemnul.
  3506 | D:4      | Reached skill level 6 in Stealth
  3643 | D:4      | Noticed a hippogriff
  3694 | D:4      | Killed a hippogriff
  3694 | D:4      | Reached XP level 7. HP: 14/36 MP: 4/8
  3806 | D:4      | Found a staircase to the Ecumenical Temple.
  3815 | Temple   | Entered the Ecumenical Temple
  3856 | Temple   | Became a worshipper of Uskayaw the Reveler
  4237 | D:4      | Found Qudo's Armour Emporium.
  4245 | D:4      | Bought a +0 ring mail of fire resistance for 121 gold pieces
  4245 | D:4      | Bought a +0 pair of gloves for 49 gold pieces
  4277 | D:4      | Learned a level 3 spell: Confuse
  4309 | D:4      | Reached * piety under Uskayaw
  4313 | D:4      | Reached ** piety under Uskayaw
  4332 | D:4      | Reached *** piety under Uskayaw
  4367 | D:5      | Entered Level 5 of the Dungeon
  4541 | D:5      | Found an ancient bone altar of Kikubaaqudgha.
  4592 | D:5      | Found a radiant altar of Vehumet.
  4677 | D:5      | Reached skill level 5 in Short Blades
  4677 | D:5      | Gained mutation: You have razor-sharp teeth. [Vine Stalker growth]
  4677 | D:5      | Reached XP level 8. HP: 42/42 MP: 9/9
  4712 | D:5      | Noticed fellowfoe's ghost (amateur SpAs)
  4719 | D:5      | Killed fellowfoe's ghost
  4719 | D:5      | Reached skill level 7 in Stealth
  5070 | D:6      | Noticed spacerossing's ghost (novice FoFi)
  5077 | D:6      | Killed spacerossing's ghost
  5077 | D:6      | Reached XP level 9. HP: 32/46 MP: 6/10
  5080 | D:6      | Reached **** piety under Uskayaw
  5805 | D:7      | Reached skill level 8 in Stealth
  5953 | D:7      | Found a sacrificial altar of Ru.
  6646 | D:8      | Noticed lis82's ghost (novice DEWz)
  6662 | D:8      | Killed lis82's ghost
  6662 | D:8      | Reached skill level 5 in Fighting
  6662 | D:8      | Reached skill level 5 in Throwing
  7200 | D:8      | Noticed a two-headed ogre
  7205 | D:8      | Killed a two-headed ogre
  7205 | D:8      | Reached skill level 9 in Stealth
  7205 | D:8      | Reached XP level 10. HP: 51/51 MP: 11/11
  7614 | D:9      | Noticed a two-headed ogre
  7628 | D:9      | Killed a two-headed ogre
  7628 | D:9      | Reached skill level 5 in Hexes
  7994 | D:9      | Reached skill level 1 in Invocations
  8449 | D:10     | Entered Level 10 of the Dungeon
  8573 | D:10     | Noticed a two-headed ogre
  8704 | D:10     | Killed a two-headed ogre
  8704 | D:10     | Reached XP level 11. HP: 25/56 MP: 13/13
  8811 | D:9      | Reached skill level 10 in Stealth
  8934 | D:10     | Killed an unseen horror
  9261 | D:10     | Noticed Fannar
  9280 | D:10     | Killed Fannar
  9565 | D:10     | Found a staircase to the Lair.
  9610 | D:11     | Learned a level 3 spell: Portal Projectile
  9619 | D:11     | Noticed Josephine
  9630 | D:11     | Killed Josephine
  9644 | D:11     | HP: 4/87 [wraith[Josephine] (1)]
  9645 | D:11     | Slain by a wraith

Skill      XL: |  1  2  3  4  5  6  7  8  9 10 11 |
---------------+----------------------------------+-----
Short Blades   | 2 3 4 5 6 7 8 9 |  9.3
Stealth        | 5 6 7 9 10 | 10.0
Fighting       | 2 3 4 5 6 |  6.6
Throwing       | 2 3 4 5 6 |  6.6
Ice Magic      | 1 2 3 4 |  4.0
Hexes          | 1 2 3 4 5 6 |  6.0
Invocations    | 2 4 |  4.3
Dodging        | |  0.7
Spellcasting   | |  0.8
Translocations | |  0.8

Action                   |  1- 3 |  4- 6 |  7- 9 | 10-12 || total
-------------------------+-------+-------+-------+-------++-------
Melee: Dagger            |    90 |   181 |   215 |   176 ||   662
       Bite              |    21 |    59 |    64 |    41 ||   185
 Fire: Blowgun           |    21 |    51 |    22 |    12 ||   106
Throw: Tomahawk          |       |     2 |       |       ||     2
       Stone             |       |     1 |       |       ||     1
       Javelin           |       |       |    24 |    11 ||    35
       Throwing net      |       |       |       |     1 ||     1
 Cast: Ensorcelled Hiber |       |       |     6 |    30 ||    36
       Confuse           |       |       |     1 |    14 ||    15
  Use: Scroll            |       |    10 |    12 |     6 ||    28
       Potion            |       |       |       |     1 ||     1
 Stab: Sleeping          |     2 |     1 |    13 |    19 ||    35
       Distracted        |     1 |       |     2 |     1 ||     4
       Paralysed         |       |       |     6 |    10 ||    16
       Confused          |       |       |       |     1 ||     1
  Eat: Chunk             |     2 |     3 |     9 |    13 ||    27
       Ration            |       |     1 |     1 |       ||     2
Armor: Robe              |     4 |       |       |       ||     4
       Ring mail         |    43 |    79 |    49 |    48 ||   219
       Troll leather arm |       |       |       |    20 ||    20
Dodge: Dodged            |    50 |   108 |    58 |    83 ||   299
